 Dungeon Crawl Stone Soup version 0.30-a0-956-gcec3b41aec (webtiles) character file.

Game seed: 11390466333329430423

147 bande the Covered (level 5, 0/33 HPs)
             Began as a Gargoyle Fighter on Mar 30, 2023.
             Killed from afar by Blork the orc (5 damage)
             ... with a puff of frost
             ... on level 3 of the Dungeon.
             The game lasted 00:04:30 (2454 turns).

bande the Covered (Gargoyle Fighter)                Turns: 2454, Time: 00:04:30

Health: 0/33       AC: 13    Str: 20    XL:     5   Next: 29%
Magic:  5/5        EV:  9    Int:  8    God:
Gold:   146        SH:  4    Dex: 11    Spells: 4/4 levels left

rFire   . . .      SeeInvis .    a - +0 war axe
rCold   . . .      Faith    .    c - +0 buckler
rNeg    + . .      Spirit   .    b - +0 scale mail
rPois   ∞          Reflect  .    r - +1 helmet
rElec   +          Rampage  .    (no cloak)
rCorr   .                        (no gloves)
Will    .....                    (no boots) Stlth
                                 (no amulet)
HPRegen 0.25/turn                (no ring)
MPRegen 0.09/turn                (no ring)

@: no status effects
A: sickness immunity, AC +4, negative energy resistance 1, electricity
resistance, torment resistance 1, petrification resistance
a: no special abilities


You were on level 3 of the Dungeon.
You visited 1 branch of the dungeon, and saw 4 of its levels.

You collected 146 gold pieces.

Inventory:

Hand Weapons
 a - a +0 war axe (weapon)
Armour
 b - a +0 scale mail (worn)
 c - a +0 buckler (worn)
 r - a +1 helmet (worn)
Scrolls
 i - 3 scrolls of amnesia
Potions
 d - 2 potions of might
 e - a potion of brilliance {unknown}
 f - 2 potions of degeneration {unknown}
 m - a potion of ambrosia {unknown}
 n - a potion of curing {unknown}
 q - 2 potions of mutation {unknown}


   Skills:
 + Level 4.0 Fighting
 + Level 3.4 Axes
 + Level 4.3 Armour
 - Level 0.1 Dodging
 + Level 3.7 Shields


You had 4 spell levels left.
You didn't know any spells.
Your spell library was empty.

Dungeon Overview and Level Annotations

Branches:
Dungeon (4/15)
 Temple: D:4-7

Altars:
Wu Jian

Shops:
D:1 *   D:2 [

Annotations:
D:3 Blork the orc


Innate Abilities, Weirdness & Mutations

You are immune to sickness and miasma.
Your stone body is resilient. (AC +4)
You are immune to poison.
You resist negative energy. (rN+)
You are resistant to electric shocks. (rElec)
You are resistant to unholy torment.
You are immune to petrification.


Message History

You barely miss the kobold.
Blork the orc hits you but does no damage.
The kobold hits you but does no damage.
Blork the orc gestures at you while chanting.
The puff of flame hits you but does no damage.
There is a stone staircase leading up here.
Blork the orc zaps a wand.
The puff of flame hits you but does no damage.
The kobold hits you but does no damage.
Blork the orc hits you with a +0 war axe!
You climb upwards.
There is a stone staircase leading down here.
You closely miss Blork the orc. You hit the kobold.
The kobold barely misses you. Blork the orc barely misses you.
The kobold barely misses you.
Blork the orc hits you with a +0 war axe.
You barely miss Blork the orc. You hit the kobold but do no damage.
Blork the orc zaps a wand.
The puff of flame hits you. You block the kobold's attack.
Blork the orc barely misses you.
You hit Blork the orc but do no damage. You hit the kobold but do no damage.
You block Blork the orc's attack. The kobold hits you but does no damage.
Blork the orc hits you with a +0 war axe!
* * * LOW HITPOINT WARNING * * *
You are too injured to fight recklessly!
You are too injured to fight recklessly!
You are too injured to fight recklessly!
You are too injured to fight recklessly!
You are too injured to fight recklessly!
You block the kobold's attack.
Blork the orc hits you with a +0 war axe.
* * * LOW HITPOINT WARNING * * *
You closely miss Blork the orc. You miss the kobold.
Blork the orc barely misses you. The kobold hits you but does no damage.
Blork the orc barely misses you. The kobold hits you but does no damage.
You slash Blork the orc!
Blork the orc is moderately wounded.
You closely miss the kobold.
Blork the orc gestures at you while chanting.
The puff of frost hits you.
You die...

#################
#.......#.......#
#.#####.#.#####.# # ###
#.# #.#.#####.#### #
##.###.#####.#.##.##.##.##
#
#.#.##....[......#.....#.#
#
.###.#.#.#.#<#..#.##.##.##
#
#####..#.#.#.#.......##.#
#
##.......#.#....@o#####.#
# ##.##........#.K>## #.#
# .#.#.#.###.####.## #.# #
#...##.###.# #.# #.# #
##.###.....# #.# #.# # #.#
####### ##'## #.### #.#
##...## #...# #.####
##.....## ###.# #.##.##
##.......## ###.#####


You could see Blork the orc (fast) and a kobold.

Vanquished Creatures
  3 gnolls (D:3)
  5 adders
  3 worms (D:3)
  2 dart slugs (D:2)
  7 bats
  4 endoplasms
  3 giant cockroaches (D:1)
  5 goblins
  6 hobgoblins
  4 jackals (D:3)
  2 quokkas
  A ball python (D:2)
  3 frilled lizards
  10 kobolds
  2 rats (D:2)
60 creatures vanquished.

Vanquished Creatures (others)
  3 plants (D:1)
3 creatures vanquished.

Grand Total: 63 creatures vanquished

Notes
Turn   | Place    | Note
-------+----------+-------------------------------------------
     0 | D:1      | bande the Gargoyle Fighter began the quest for the Orb.
     0 | D:1      | Reached XP level 1. HP: 14/14 MP: 1/1
   197 | D:1      | Found a faded altar of an unknown god.
   221 | D:1      | Reached XP level 2. HP: 19/19 MP: 2/2
   269 | D:1      | Found Dantu's Assorted Antiques.
   585 | D:1      | Reached XP level 3. HP: 21/24 MP: 3/3
   919 | D:2      | Reached XP level 4. HP: 24/29 MP: 4/4
  1146 | D:2      | Found Giet's Antique Armour Boutique.
  1340 | D:3      | Found an ornate altar of the Wu Jian Council.
  1923 | D:3      | Reached XP level 5. HP: 22/33 MP: 5/5
  2437 | D:4      | Noticed Blork the orc
  2454 | D:3      | Killed from afar by Blork the orc

Illustrated notes

Levels and vault maps discovered:
D:1:      minmay_arrival_loop, layout_rooms,
          shapermc_ecumenical_altar_mp_ritualfount, serial_shops, shop
D:2:      layout_rooms, serial_shops, nicolae_shop_statue_plus
D:3:      layout_loops_corners, mainiacjoe_overflow_small_starburst
D:4:      minmay_diamond_boxcup, layout_cave_pools,
          mainiacjoe_overflow_tiny_flanked, minmay_temple_entry_enclosed_plants,
          uniq_blork_the_orc

Skill      XL: |  1  2  3  4  5 |
---------------+----------------+-----
Axes           | 2 3 |  3.4
Armour         | 4 |  4.3
Fighting       | 4 |  4.0
Dodging        | |  0.1
Shields        | |  3.7

Action                     |  1- 3 |  4- 6 || total
---------------------------+-------+-------++-------
  Melee: War axe           |    81 |   107 ||   188
    Use: Scroll            |       |     8 ||     8
 Armour: Scale mail        |    43 |    60 ||   103
  Dodge: Dodged            |    55 |    60 ||   115
  Block: Buckler           |    20 |    29 ||    49

Table legend: (Time is in decaauts)
 A = Elapsed time spent in this place.
 B = Non-inter-level travel time spent in this place.
 C = Inter-level travel time spent in this place.
 D = Time resting spent in this place.
 E = Time spent auto-exploring this place.
 F = Levels seen in this place.
 G = Mean time per level.
                   A        B        C        D        E       F      G
               +--------+--------+--------+--------+--------+-----+--------+
         Total |   2530 |   2434 |     96 |    472 |   1452 |   4 |  632.5 |
       Dungeon |   2530 |   2434 |     96 |    472 |   1452 |   4 |  632.5 |
               +--------+--------+--------+--------+--------+-----+--------+

Top non-repeatable levels by time:
     D:3: 1216 daAuts
     D:1: 818 daAuts
     D:2: 482 daAuts
     D:4: 13 daAuts
